 Dungeon Crawl Stone Soup version 0.28-a0-1510-gd0f6b136d3 (webtiles) character file.

Game seed: 11311660054255723257

5206 Gargoyl the Fighter (level 10, 0/82 HPs)
             Began as a Gnoll Abyssal Knight on Jan 15, 2022.
             Was a Priest of Lugonu.
             Slain by a two-headed ogre (12 damage)
             ... on level 10 of the Dungeon.
             The game lasted 00:11:32 (10049 turns).

Gargoyl the Fighter (Gnoll Abyssal Knight)         Turns: 10049, Time: 00:11:32

Health: 0/82       AC: 16    Str: 16    XL:     10   Next: 60%
Magic:  14/18      EV: 13    Int: 11    God:    Lugonu [***...]
Gold:   235        SH:  5    Dex: 14    Spells: 19/19 levels left

rFire   + . .      SeeInvis .   a - +2 hand axe (elec)
rCold   . . .      Faith    .   h - +0 buckler
rNeg    . . .      Spirit   .   d - +4 chain mail {rF+}
rPois   .          Reflect  .   (helmet restricted)
rElec   .          Harm     .   n - +1 cloak
rCorr   .          Rampage  .   (no gloves)
Will    .....                   (no boots)
Stlth   ..........              f - amulet of the acrobat
HPRegen 0.23/turn               k - +4 ring of evasion
MPRegen 0.16/turn               (no ring)

@: no status effects
A: fangs 1, strong nose, distributed training, horns 1, agile 1
a: Renounce Religion, Depart the Abyss, Bend Space, Banish


You were on level 10 of the Dungeon.
You worshipped Lugonu.
Lugonu was most pleased with you.
You visited 1 branch of the dungeon, and saw 10 of its levels.
You visited the Abyss 1 time.

You collected 481 gold pieces.
You spent 246 gold pieces at shops.

Inventory:

Hand Weapons
 a - a +2 hand axe of electrocution (weapon)
Armour
 d - a +4 chain mail of fire resistance (worn)
 h - a +0 buckler (worn)
 n - a +1 cloak (worn)
Jewellery
 f - an amulet of the acrobat (around neck)
 k - a +4 ring of evasion (left hand)
 q - an amulet of regeneration
Wands
 s - a wand of iceblast (15)
Scrolls
 c - a scroll of teleportation
 j - 5 scrolls of magic mapping
Potions
 b - 6 potions of curing
 e - 3 potions of cancellation
 g - 2 potions of might
 i - 4 potions of brilliance
 l - a potion of flight {unknown}
 m - a potion of invisibility
 o - 3 potions of heal wounds {unknown}
 p - 2 potions of ambrosia
 r - a potion of magic {unknown}


   Skills:
 + Level 8.6 Fighting
 + Level 5.4 Short Blades
 + Level 5.4 Long Blades
 + Level 7.2 Axes
 + Level 5.4 Maces & Flails
 + Level 5.4 Polearms
 + Level 5.4 Staves
 + Level 5.4 Slings
 + Level 5.4 Bows
 + Level 5.4 Crossbows
 + Level 5.4 Throwing
 + Level 7.2 Armour
 + Level 6.1 Dodging
 + Level 5.4 Stealth
 + Level 5.4 Shields
 + Level 5.4 Unarmed Combat
 + Level 5.4 Spellcasting
 + Level 4.5 Conjurations
 + Level 4.5 Hexes
 + Level 4.5 Summonings
 + Level 4.5 Necromancy
 + Level 4.5 Translocations
 + Level 4.5 Transmutations
 + Level 4.5 Fire Magic
 + Level 4.5 Ice Magic
 + Level 4.5 Air Magic
 + Level 4.5 Earth Magic
 + Level 4.5 Poison Magic
 + Level 7.6 Invocations
 + Level 5.4 Evocations


You had 19 spell levels left.
You didn't know any spells.
Your spell library contained the following spells:

 Spells                   Type           Power      Damage    Failure   Level
 Corpse Rot               Necr/Air       24%        N/A       63%         2
 Poisonous Vapours        Pois/Air       24%        N/A       63%         2
 Dazzling Flash           Conj/Hex       24%        N/A       86%         3
 Inner Flame              Hex/Fire       12%        N/A       86%         3
 Portal Projectile        Hex/Tloc       24%        N/A       86%         3
 Cause Fear               Hex            6%         N/A       99%         4
 Iskenderun's Mystic Bla  Conj/Tloc      12%        2d5       99%         4
 Blade Hands              Tmut           6%         N/A       100%        5
 Excruciating Wounds      Necr           6%         N/A       100%        5
 Starburst                Conj/Fire      6%         6d4       100%        6
 Discord                  Hex            6%         N/A       100%        8


Dungeon Overview and Level Annotations

Branches:
Dungeon (10/15)            Temple (0/1) D:7
   Lair: D:8-11         Orc: D:9-12

Altars:
Ashenzari
Dithmenos
Elyvilon
Fedhas
Gozag
Hepliaklqana
Kikubaaqudgha
Qazlal
Sif Muna
Yredelemnul
Zin
The Shining One

Shops:
D:4 [   D:5 [   D:7 :   D:8 *


Innate Abilities, Weirdness & Mutations

You have very sharp teeth.
Your uncanny sense of smell can sniff out nearby items.
Your experience applies equally to all skills.
You have a pair of small horns on your head.
You are agile. (Dex +2)


Message History

You see here a +0 whip.
You closely miss the gnoll. Your headbutt misses the gnoll.
The gnoll is heavily wounded.
You hit the two-headed ogre but do no damage.
You hit the gnoll.
You kill the gnoll!
Lugonu accepts your kill. The gnoll closely misses you.
The two-headed ogre barely misses you. You block the two-headed ogre's attack.
The gnoll barely misses you.
You closely miss the gnoll.
The gnoll is heavily wounded.
You hit the two-headed ogre but do no damage.
The two-headed ogre hits you with a +0 giant club!!
The two-headed ogre misses you. You block the gnoll's attack.
Unknown command.
You barely miss the gnoll. Your headbutt misses the gnoll.
The gnoll is heavily wounded.
You hit the two-headed ogre.
Unknown command.
You slash the gnoll!
You kill the gnoll!
Lugonu accepts your kill.
You hit the two-headed ogre.
The two-headed ogre hits you with a +0 giant club!!
* * * LOW HITPOINT WARNING * * *
You block the two-headed ogre's attack.
You see here a +0 spear.
Press: ? - help, Shift-Dir - straight line, f - two-headed ogre
Aim: a two-headed ogre, wielding a +0 giant club and a +0 giant spiked club (lightly wounded, chance to affect: 71%)
The two-headed ogre struggles to resist.
The two-headed ogre hits you with a +0 giant club.
* * * LOW HITPOINT WARNING * * *
The two-headed ogre hits you with a +0 giant spiked club.
* * * LOW HITPOINT WARNING * * *
Okay, then.
You don't have enough health at the moment.
Unknown command.
You feel better.
The two-headed ogre hits you with a +0 giant club!
You die...

∆ . #### .#
..#... ..# #....
###.# .##
...###...###.
....###.........#
.......@O)......#
#.......).......#
#........).......
........<..#...##
...........#...#
...........# ..#
...........# ##
.....#.....#
######.....#


You could see a two-headed ogre.

Vanquished Creatures
  A two-headed ogre (D:5)
  Pikel (D:8)
  Joseph (D:8)
  A hornet (D:9)
  A basilisk (D:7)
  A wyvern (D:9)
  Grum (D:9)
  3 steam dragons
  2 vampire mosquitoes (D:9)
  An orc warrior (D:8)
  3 necrophages (D:6)
  A hornet zombie (D:9)
  2 ogres
  4 wolves (D:9)
  2 centaurs
  A wyvern zombie (D:8)
  4 bullfrogs
  A gnoll sergeant (D:10)
  2 scorpions
  A water moccasin zombie (D:6)
  A howler monkey (D:8)
  2 electric eels (D:9)
  2 centaur zombies (D:6)
  4 bullfrog zombies (D:6)
  3 orc priests (D:9)
  A hound (D:5)
  A jelly (D:3)
  2 bullfrog skeletons (D:5)
  A gnoll shaman (D:8)
  2 iguanas (D:6)
  A centaur skeleton (D:6)
  3 orc wizards
  2 killer bee zombies (D:8)
  6 adders
  9 gnolls
  A white imp (D:5)
  An adder zombie (D:5)
  7 worms
  A dart slug (D:1)
  15 orcs
  11 endoplasms
  3 giant cockroaches
  9 goblins
  5 hobgoblins
  4 jackals (D:1)
  5 ball pythons
  A bat (D:2)
  A frilled lizard (D:2)
  5 kobolds
  A rat (D:1)
  A bush (D:6)
145 creatures vanquished.

Vanquished Creatures (others)
  2 bushes (D:6)
  15 plants
17 creatures vanquished.

Grand Total: 162 creatures vanquished

Notes
Turn   | Place    | Note
-------+----------+-------------------------------------------
     0 | Abyss:1  | Gargoyl the Gnoll Abyssal Knight began the quest for the
                  | Orb.
     0 | Abyss:1  | Reached XP level 1. HP: 23/23 MP: 3/3
    25 | D:1      | Escaped the Abyss
   112 | D:1      | Found a faded altar of an unknown god.
   157 | D:1      | Reached * piety under Lugonu
   169 | D:1      | Reached XP level 2. HP: 28/29 MP: 5/5
   405 | D:1      | Reached XP level 3. HP: 7/35 MP: 6/6
  2137 | D:3      | Found an opulent altar of Gozag.
  2220 | D:3      | Reached skill level 1 in Short Blades
  2220 | D:3      | Reached skill level 1 in Long Blades
  2220 | D:3      | Reached skill level 1 in Maces & Flails
  2220 | D:3      | Reached skill level 1 in Polearms
  2220 | D:3      | Reached skill level 1 in Staves
  2220 | D:3      | Reached skill level 1 in Slings
  2220 | D:3      | Reached skill level 1 in Bows
  2220 | D:3      | Reached skill level 1 in Crossbows
  2220 | D:3      | Reached skill level 1 in Throwing
  2220 | D:3      | Reached skill level 1 in Stealth
  2220 | D:3      | Reached skill level 1 in Shields
  2220 | D:3      | Reached skill level 1 in Unarmed Combat
  2220 | D:3      | Reached skill level 1 in Spellcasting
  2220 | D:3      | Reached skill level 1 in Evocations
  2336 | D:3      | Found a broken altar of Ashenzari.
  2347 | D:3      | Reached XP level 4. HP: 20/41 MP: 7/7
  2949 | D:3      | Reached skill level 1 in Conjurations
  2949 | D:3      | Reached skill level 1 in Hexes
  2949 | D:3      | Reached skill level 1 in Summonings
  2949 | D:3      | Reached skill level 1 in Necromancy
  2949 | D:3      | Reached skill level 1 in Translocations
  2949 | D:3      | Reached skill level 1 in Transmutations
  2949 | D:3      | Reached skill level 1 in Fire Magic
  2949 | D:3      | Reached skill level 1 in Ice Magic
  2949 | D:3      | Reached skill level 1 in Air Magic
  2949 | D:3      | Reached skill level 1 in Earth Magic
  2949 | D:3      | Reached skill level 1 in Poison Magic
  3257 | D:3      | Reached ** piety under Lugonu
  3258 | D:3      | Reached XP level 5. HP: 47/47 MP: 8/8
  3490 | D:4      | Gained mutation: You are dopey. (Int -2) [potion of
                  | mutation]
  3490 | D:4      | Gained mutation: You have a pair of small antennae on your
                  | head. [potion of mutation]
  3491 | D:4      | Lost mutation: You are dopey. (Int -2) [potion of mutation]
  3491 | D:4      | Lost mutation: You have a pair of small antennae on your
                  | head. [potion of mutation]
  3491 | D:4      | Gained mutation: Your mind is acute. (Int +2) [potion of
                  | mutation]
  3517 | D:4      | Found a stormy altar of Qazlal.
  3984 | D:4      | Noticed an ogre
  3990 | D:4      | Killed an ogre
  3991 | D:4      | Reached skill level 5 in Invocations
  4162 | D:4      | Found Ecis's Antique Armour Shop.
  4322 | D:5      | Entered Level 5 of the Dungeon
  4322 | D:5      | Found an ancient bone altar of Kikubaaqudgha.
  4350 | D:5      | Reached XP level 6. HP: 48/53 MP: 9/9
  4468 | D:5      | Reached skill level 5 in Axes
  4468 | D:5      | Reached skill level 5 in Armour
  4543 | D:5      | Noticed a two-headed ogre
  4840 | D:5      | Found a white marble altar of Elyvilon.
  4892 | D:5      | Killed a two-headed ogre
  4893 | D:5      | Reached skill level 7 in Fighting
  4893 | D:5      | Reached XP level 7. HP: 27/60 MP: 9/11
  4893 | D:5      | Reached XP level 8. HP: 30/67 MP: 9/12
  5368 | D:5      | Found Tuco's Armour Emporium.
  5374 | D:5      | Bought a +0 buckler for 63 gold pieces
  5374 | D:5      | Bought a +0 cloak for 63 gold pieces
  6292 | D:6      | Found a blossoming altar of Fedhas.
  6400 | D:6      | Reached XP level 9. HP: 63/73 MP: 14/14
  6507 | D:7      | Found Deduf's Book Shop.
  6743 | D:7      | Found a basalt altar of Yredelemnul.
  6808 | D:7      | Found a staircase to the Ecumenical Temple.
  7066 | D:8      | Found Ekhod's General Store.
  7081 | D:8      | Reached skill level 5 in Dodging
  7085 | D:8      | Reached *** piety under Lugonu
  7192 | D:8      | Bought a potion of mutation for 120 gold pieces
  7192 | D:8      | Lost mutation: Your mind is acute. (Int +2) [potion of
                  | mutation]
  7192 | D:8      | Gained mutation: You have a pair of small horns on your
                  | head. [potion of mutation]
  7192 | D:8      | Gained mutation: You are agile. (Dex +2) [potion of
                  | mutation]
  7243 | D:8      | Found a glowing golden altar of the Shining One.
  7245 | D:8      | Noticed Joseph
  7258 | D:8      | Killed Joseph
  7259 | D:8      | Reached skill level 8 in Fighting
  7667 | D:8      | Found a shadowy altar of Dithmenos.
  7668 | D:8      | Found a hazy altar of Hepliaklqana.
  7929 | D:8      | Noticed Pikel
  7938 | D:8      | Killed Pikel
  7939 | D:8      | Reached XP level 10. HP: 80/80 MP: 15/17
  8586 | D:9      | Reached skill level 5 in Short Blades
  8586 | D:9      | Reached skill level 5 in Long Blades
  8586 | D:9      | Reached skill level 5 in Maces & Flails
  8586 | D:9      | Reached skill level 5 in Polearms
  8586 | D:9      | Reached skill level 5 in Staves
  8586 | D:9      | Reached skill level 5 in Slings
  8586 | D:9      | Reached skill level 5 in Bows
  8586 | D:9      | Reached skill level 5 in Crossbows
  8586 | D:9      | Reached skill level 5 in Throwing
  8586 | D:9      | Reached skill level 5 in Stealth
  8586 | D:9      | Reached skill level 5 in Shields
  8586 | D:9      | Reached skill level 5 in Unarmed Combat
  8586 | D:9      | Reached skill level 5 in Spellcasting
  8586 | D:9      | Reached skill level 5 in Evocations
  8608 | D:9      | Found a glowing silver altar of Zin.
  8611 | D:9      | Found a shimmering blue altar of Sif Muna.
  9282 | D:9      | Noticed Grum
  9432 | D:9      | Killed Grum
 10031 | D:10     | Entered Level 10 of the Dungeon
 10036 | D:10     | Noticed a two-headed ogre
 10048 | D:10     | HP: 4/82 [two-headed ogre (4)]
 10049 | D:10     | Slain by a two-headed ogre

Illustrated notes

Levels and vault maps discovered:
D:1:      dpeg_arrival_concentric_ovals, layout_loops_cross,
          hellmonk_ecumenical_altar_crossroads
D:2:      layout_loops_ring, serial_bayou, serial_bayou_ford_a,
          serial_bayou_shore_a, serial_bayou_pond_b, serial_bayou_pond_a
D:3:      kennysheep_the_goblin_king, layout_rooms, evilmike_ruin_ashenzari,
          nicolae_gozag_seed_capital, minmay_randomly_rotated_circles
D:4:      layout_basic, mainiacjoe_overflow_alcove_2, nicolae_stop_n_shop_2
D:5:      layout_basic, overflow_temple_1_default,
          mainiacjoe_overflow_surrounded_room, serial_shops,
          nicolae_shop_hallway_stairs, nicolae_wormholes
D:6:      layout_basic, fedhas_altar_decomposition
D:7:      layout_cave_pools, yredelemnul_altar_generic,
          minmay_temple_entry_drinking_statues, serial_shops,
          nicolae_shop_waterfront
D:8:      layout_layer_cave, riverfiend_overflow_shadow_ancestor,
          mainiacjoe_overflow_small_starburst, serial_shops, shop,
          minmay_misc_feat_encased, uniq_pikel, uniq_joseph
D:9:      layout_roguey, nicolae_overflow_squiral, uniq_grum
D:10:     nicolae_cairo_tiling, layout_cross, dpeg_oklobed_lair, serial_shops,
          nicolae_shop_statue_plus, serial_column_ruins,
          column_ruins_square_huge, column_ruins_hut, column_ruins_open_tiny,
          column_ruins_grid_2, column_ruins_open_small,
          column_ruins_columns_straight, column_ruins_grid_1,
          minmay_mirror_moons_of_madness

Skill      XL: |  1  2  3  4  5  6  7  8  9 10 |
---------------+-------------------------------+-----
Short Blades   | 1 3 4 5 |  5.4
Long Blades    | 1 3 4 5 |  5.4
Maces & Flails | 1 3 4 5 |  5.4
Polearms       | 1 3 4 5 |  5.4
Staves         | 1 3 4 5 |  5.4
Slings         | 1 3 4 5 |  5.4
Bows           | 1 3 4 5 |  5.4
Crossbows      | 1 3 4 5 |  5.4
Throwing       | 1 3 4 5 |  5.4
Stealth        | 1 3 4 5 |  5.4
Shields        | 1 3 4 5 |  5.4
Unarmed Combat | 1 3 4 5 |  5.4
Spellcasting   | 1 3 4 5 |  5.4
Evocations     | 1 3 4 5 |  5.4
Conjurations   | 1 2 3 4 |  4.5
Hexes          | 1 2 3 4 |  4.5
Summonings     | 1 2 3 4 |  4.5
Necromancy     | 1 2 3 4 |  4.5
Translocations | 1 2 3 4 |  4.5
Transmutations | 1 2 3 4 |  4.5
Fire Magic     | 1 2 3 4 |  4.5
Ice Magic      | 1 2 3 4 |  4.5
Air Magic      | 1 2 3 4 |  4.5
Earth Magic    | 1 2 3 4 |  4.5
Poison Magic   | 1 2 3 4 |  4.5
Dodging        | 3 4 5 6 |  6.1
Invocations    | 5 6 7 |  7.6
Axes           | 5 6 7 |  7.2
Armour         | 5 6 7 |  7.2
Fighting       | 7 8 |  8.6

Action                   |  1- 3 |  4- 6 |  7- 9 | 10-12 || total
-------------------------+-------+-------+-------+-------++-------
Melee: Hand axe          |    95 |   106 |   237 |   145 ||   583
       Punch             |     3 |       |     2 |       ||     5
       Bite              |     7 |     4 |    26 |    16 ||    53
       Headbutt          |       |       |     9 |    29 ||    38
Invok: Depart the Abyss  |     1 |       |       |       ||     1
       Banish            |       |       |       |     1 ||     1
Evoke: Wand              |       |     1 |       |       ||     1
  Use: Scroll            |     4 |     9 |     7 |     2 ||    22
       Potion            |       |     3 |     1 |     1 ||     5
Armor: Leather armour    |     9 |       |       |       ||     9
       Chain mail        |    36 |    64 |   104 |    58 ||   262
Dodge: Dodged            |    41 |    74 |   104 |   102 ||   321
Block: Buckler           |       |       |    40 |    53 ||    93

Table legend: (Time is in decaauts)
 A = Elapsed time spent in this place.
 B = Non-inter-level travel time spent in this place.
 C = Inter-level travel time spent in this place.
 D = Time resting spent in this place.
 E = Time spent auto-exploring this place.
 F = Levels seen in this place.
 G = Mean time per level.
                   A        B        C        D        E       F      G
               +--------+--------+--------+--------+--------+-----+--------+
         Total |  10098 |   9809 |    289 |    637 |   7686 |  11 |  918.0 |
       Dungeon |  10073 |   9784 |    289 |    637 |   7662 |  10 | 1007.3 |
         Abyss |     25 |     25 |      0 |      0 |     24 |   1 |   25.0 |
               +--------+--------+--------+--------+--------+-----+--------+

Top non-repeatable levels by time:
     D:9: 1754 daAuts
     D:3: 1583 daAuts
     D:8: 1236 daAuts
     D:5: 1151 daAuts
     D:4: 1018 daAuts
     D:1: 982 daAuts
     D:2: 927 daAuts
     D:6: 862 daAuts
     D:7: 538 daAuts
 Abyss:1: 25 daAuts
    D:10: 17 daAuts
